 Dungeon Crawl Stone Soup version 0.31-a0-150-g89dc3ad700 (webtiles) character file.

Game seed: 13012301593819598738

624 qw the Skirmisher (level 7, 0/61 HPs)
             Began as a Minotaur Hunter on June 8, 2023.
             Slain by a two-headed ogre
             ... wielding a +0 giant club
              (7 damage)
             ... on level 5 of the Dungeon.
             The game lasted 00:01:28 (3810 turns).

qw the Skirmisher (Minotaur Hunter)                 Turns: 3810, Time: 00:01:28

Health: 0/61       AC:  7    Str: 16    XL:     7   Next: 22%
Magic:  6/6        EV: 12    Int:  6    God:
Gold:   267        SH:  0    Dex: 19    Spells: 6/6 levels left

rFire   x . .        Y - +2 shortbow
rCold   + . .        (shield currently unavailable)
rNeg    + . .        i - +0 ring mail
rPois   .            (helmet restricted)
rElec   .            (no cloak)
rCorr   .            d - +0 pair of gloves
SInv    .            b - +0 pair of boots
Will    +....        (no amulet)
Stlth   +            c - ring of the Forging Gods {Ice Will+ Dex+4}
HPRegen 0.30/turn    k - ring of positive energy
MPRegen 0.10/turn

%: no passive effects
@: no status effects
A: horns 2, retaliatory headbutt
a: no special abilities


You were on level 5 of the Dungeon.
You visited 1 branch of the dungeon, and saw 5 of its levels.

You collected 267 gold pieces.


Innate Abilities, Weirdness & Mutations

You have a pair of horns on your head.
You reflexively headbutt those who attack you in melee.


   Skills:
 - Level 5.2 Fighting
 + Level 8.0 Ranged Weapons
 - Level 2.1 Armour
 - Level 3.2 Dodging
 - Level 0.7 Stealth


You had 6 spell levels left.
You didn't know any spells.
Your spell library was empty.

Inventory:

Hand Weapons
 Y - a +2 shortbow (weapon)
Armour
 b - a +0 pair of boots (worn)
 d - a +0 pair of gloves (worn)
 i - a +0 ring mail (worn)
Jewellery
 c - the ring of the Forging Gods (left hand) {Ice Will+ Dex+4}
   (You found it on level 3 of the Dungeon)

   [ring of ice]

   It enhances your ice magic.
   Dex:       It affects your dexterity (+4).
   rF:        It makes you vulnerable to fire.
   rC:        It protects you from cold.
   Will:      It increases your willpower.
 k - a ring of positive energy (right hand)
Scrolls
 e - 2 scrolls of teleportation
 j - 2 scrolls of identify
Potions
 a - 3 potions of curing
 f - a potion of cancellation
 l - a potion of degeneration {unknown}
 m - 2 potions of attraction {unknown}
 n - a potion of mutation {unknown}

Dungeon Overview and Level Annotations

Branches:
Dungeon (5/15)
 Temple: D:4-7

Altars:
Gozag

Shops:
D:3 :


Message History

You feel sick.
Your Fighting skill increases to level 5!
You start resting.
You feel sick. x6
You are no longer poisoned.
HP restored.
You now have 231 gold pieces (gained 9).
Found a scroll of poison.
Enter note:
Enter note:
Found a stone staircase leading up.
Enter note:
Enter note:
Enter note: You now have 239 gold pieces (gained 8).
You now have 248 gold pieces (gained 9).
Found 4 stones.
Enter note:
Enter note:
Enter note:
Enter note:
Enter note:
Enter note: You now have 267 gold pieces (gained 19).
A two-headed ogre comes into view. It is wielding two +0 giant clubs.
The two-headed ogre shouts in stereo!
Enter note:
Enter note:
Enter note:
Enter note:
Enter note:
Enter note: You shoot an arrow.
The arrow hits the two-headed ogre!
The two-headed ogre is lightly wounded.
The two-headed ogre hits you with a +0 giant club! x2
You shoot an arrow.
The arrow barely misses the two-headed ogre.
The two-headed ogre hits you with a +0 giant club!!
The two-headed ogre hits you with a +0 giant club!
You die...

.....# # ##
.....#.#
#####.
.....#.#
.....###....?.
#.##.#.....# .
#.#.......#
..###...O....#
.....#.##@###
.$..........#
.....##.###.#
..#(....# .#
## #.###.###.#
#.. #.....#
#.# ##..###
#.# #..# #.#
##.# #.#


You could see a two-headed ogre.

Vanquished Creatures
  A black bear (D:4)
  2 scorpions (D:5)
  2 hounds (D:5)
  2 orc priests
  A sleepcap (D:4)
  An iguana (D:4)
  Natasha (D:2)
  2 orc wizards
  Robin (D:3)
  6 adders
  2 worms
  5 dart slugs
  11 orcs
  3 endoplasms
  17 goblins
  8 hobgoblins
  5 quokkas
  6 ball pythons
  5 bats
  3 frilled lizards
  8 kobolds
  4 rats
96 creatures vanquished.

Notes
Turn   | Place    | Note
-------+----------+-------------------------------------------
     0 | D:1      | qw the Minotaur Hunter began the quest for the Orb.
     0 | D:1      | Reached XP level 1. HP: 18/18 MP: 0/0
     0 | D:1      | 0 ||| qw: Version: 0.2-a-120-gdf1a93b
     0 | D:1      | 0 ||| qw: Game counter: 2979
     0 | D:1      | 0 ||| qw: Always use a shield: true
     0 | D:1      | 0 ||| qw: God list: Okawaru
     0 | D:1      | 0 ||| qw: Allow faded altars: false
     0 | D:1      | 0 ||| qw: Do Orc after D:15 true
     0 | D:1      | 0 ||| qw: Do second Lair branch before Depths: true
     0 | D:1      | 0 ||| qw: Lair rune preference: random
     0 | D:1      | 0 ||| qw: Plans: Normal
     0 | D:1      | 0 ||| PLANNING D:1-11
   157 | D:1      | Reached XP level 2. HP: 25/25 MP: 1/1
   186 | D:1      | Reached skill level 5 in Ranged Weapons
   435 | D:1      | Reached skill level 3 in Fighting
   697 | D:1      | 697 ||| UPGRADING to +0 ring mail.
   707 | D:1      | 707 ||| DROPPING +0 leather armour.
   708 | D:1      | 708 ||| READING scroll labelled IDITUU YTZESK.
   709 | D:1      | 709 ||| READING 2 scrolls labelled RIJIJO RALU.
   712 | D:1      | 712 ||| READING scroll labelled POG BOSONOMI.
   713 | D:1      | 713 ||| DROPPING scroll of butterflies.
   715 | D:1      | 715 ||| Stepping ~*~*~tactically~*~*~ (cloud).
  1032 | D:2      | Reached skill level 1 in Armour
  1057 | D:2      | Reached XP level 3. HP: 31/31 MP: 2/2
  1226 | D:2      | Noticed Natasha
  1237 | D:2      | Killed Natasha
  1450 | D:2      | Reached XP level 4. HP: 38/38 MP: 3/3
  1547 | D:2      | Found an opulent altar of Gozag.
  1624 | D:2      | 1624 ||| UPGRADING to +0 pair of boots.
  1629 | D:2      | 1629 ||| UPGRADING to +0 pair of gloves.
  1634 | D:2      | 1634 ||| READING scroll labelled HOK RAMEYXAYWE.
  1635 | D:2      | 1635 ||| READING scroll labelled BEUDUEJ ZIMOIS.
  1736 | D:2      | 1736 ||| READING scroll labelled WECYBEG FUFUFUJIK.
  1746 | D:3      | Found Yffiykell's Book Shoppe.
  1766 | D:3      | Found a faded altar of an unknown god.
  1792 | D:3      | Identified the ring of the Forging Gods {Ice Will+ Dex+4}
  1860 | D:3      | Reached skill level 6 in Ranged Weapons
  1956 | D:3      | Noticed Robin
  1961 | D:3      | Killed Robin
  2146 | D:3      | 2146 ||| Stepping ~*~*~tactically~*~*~ (outnumbered).
  2148 | D:3      | Reached XP level 5. HP: 45/47 MP: 4/4
  2494 | D:3      | 2494 ||| UPGRADING to ring of the Forging Gods {Ice Will+
                  | Dex+4}.
  2495 | D:3      | 2495 ||| READING scroll labelled EFIPTO LEGOOM.
  2630 | D:4      | Noticed a black bear
  2637 | D:4      | Killed a black bear
  2638 | D:4      | Reached skill level 7 in Ranged Weapons
  2638 | D:4      | Reached XP level 6. HP: 53/53 MP: 5/5
  3107 | D:4      | Reached skill level 3 in Dodging
  3185 | D:4      | Found an opulent altar of Gozag.
  3349 | D:4      | 3349 ||| UPGRADING to ring of positive energy.
  3350 | D:4      | 3350 ||| DRINKING 4 clear potions.
  3351 | D:4      | 3351 ||| DRINKING 2 ruby potions.
  3396 | D:4      | 3396 ||| READING 3 scrolls of identify.
  3396 | D:4      | 3396 ||| IDENTIFYING yellow potion
  3397 | D:4      | 3397 ||| READING 2 scrolls of identify.
  3397 | D:4      | 3397 ||| IDENTIFYING inky potion
  3398 | D:4      | 3398 ||| DROPPING potion of lignification.
  3399 | D:4      | 3399 ||| DROPPING potion of brilliance.
  3406 | D:5      | Entered Level 5 of the Dungeon
  3512 | D:5      | 3512 ||| READING scroll of enchant weapon.
  3512 | D:5      | 3512 ||| ENCHANTING +1 shortbow.
  3635 | D:5      | 3635 ||| Stepping ~*~*~tactically~*~*~ (outnumbered).
  3637 | D:5      | 3637 ||| Stepping ~*~*~tactically~*~*~ (outnumbered).
  3644 | D:5      | Reached skill level 8 in Ranged Weapons
  3644 | D:5      | Reached XP level 7. HP: 60/60 MP: 6/6
  3808 | D:5      | Noticed a two-headed ogre
  3810 | D:5      | HP: 7/61 [two-headed ogre/+0 giant club (27)]
  3810 | D:5      | Slain by a two-headed ogre

Levels and vault maps discovered:
D:1:      co_arrival_square_in_a_square_in_a_square, layout_loops_ring,
          hangedman_decor_growths
D:2:      layout_loops_ring, basic_altar, uniq_natasha
D:3:      layout_basic, hellmonk_ecumenical_altar_slurped_away, serial_shops,
          shop, uniq_robin
D:4:      layout_gridville, mainiacjoe_overflow_small_starburst
D:5:      layout_loops_ring

Skill      XL: |  1  2  3  4  5  6  7 |
---------------+----------------------+-----
Ranged Weapons | 5 6 7 8 |  8.0
Fighting       | 3 4 5 |  5.2
Armour         | 1 2 |  2.1
Dodging        | 3 |  3.2
Stealth        | |  0.7

Action                     |  1- 3 |  4- 6 |  7- 9 || total
---------------------------+-------+-------+-------++-------
   Fire: Shortbow          |    98 |   179 |    15 ||   292
    Use: Scroll            |     3 |     7 |       ||    10
         Potion            |       |     2 |       ||     2
 Armour: Leather armour    |     6 |       |       ||     6
         Ring mail         |     7 |    28 |     1 ||    36
  Dodge: Dodged            |    23 |    58 |     3 ||    84

Table legend:
 A = Non-vault XP
 B = Vault XP
 C = Vault XP percentage of total XP
 D = Non-vault monster count
 E = Vault monster count
 F = Vault count percentage of total count
                 A         B        C        D         E       F
            +---------+---------+-------+---------+---------+-------
      Total |     820 |      72 |   8.1 |      83 |      13 |  13.5
            +---------+---------+-------+---------+---------+-------
        D:1 |      30 |       0 |   0.0 |      19 |       0 |   0.0
        D:2 |      35 |      35 |  50.0 |      12 |       1 |   7.7
        D:3 |     136 |      37 |  21.4 |      25 |      12 |  32.4
        D:4 |     303 |       0 |   0.0 |      17 |       0 |   0.0
        D:5 |     316 |       0 |   0.0 |      10 |       0 |   0.0
            +---------+---------+-------+---------+---------+-------
